[Event "22nd Hogeschool Zeeland 2018"]
[Site "Vlissingen"]
[Date "2018.08.11"]
[Round "9"]
[White "Viani Antonio Dcunha"]
[Black "Pruijssers, Roeland"]
[Result "0-1"]
[ECO "B09"]
[WhiteElo "2414"]
[BlackElo "2506"]
[Annotator "ChessBase"]
[PlyCount "160"]
[EventDate "2018.08.04"]
[EventType "swiss"]
[EventCountry "NED"]
[SourceTitle "playchess.com"]
[Source "ChessBase"]
[SourceQuality "1"]
[TimeControl "40/5400+30:1800+30"]

1. e4 g6 2. d4 Bg7 3. Nc3 d6 4. f4 Nf6 5. Nf3 O-O 6. e5 Nfd7 7. h4 c5 8. h5 cxd4 9. Qxd4 dxe5 10. Qf2 e6 11. Qg3 Nc6 12. hxg6 fxg6 13. Qh3 h6 14. Qxe6+ Kh8 15. Qxg6 Rf6 16. Qd3 exf4 17. Be2 Qf8 18. Nd5 Nde5 19. Nxe5 Nxe5 20. Qe4 Rf7 21. Bxf4 Bf5 22. Qe3 Re8 23. Bxh6 Nd3+ 24. Bxd3 Bxh6 25. Rxh6+ Kg7 26. O-O-O Rxe3 27. Nxe3 Bxd3 28. Re6 Bh7 29. g4 Qb4 30. Nf5+ Bxf5 31. gxf5 Qf4+ 32. Kb1 Qxf5 33. Ree1 b5 34. a3 a5 35. Rg1+ Kf8 36. Rd8+ Ke7 37. Rgd1 Qe6 38. R8d5 Rf2 39. Rxb5 Qc6 40. Re1+ Kd7 41. Rd1+ Kc7 42. c4 Qf3 43. Rc5+ Kb6 44. Rb5+ Kc6 45. Rbd5 Rf1 46. Kc2 Qe2+ 47. R5d2 Qxc4+ 48. Kb1 Kb5 49. Rxf1 Qxf1+ 50. Ka2 Qc4+ 51. b3 Qc1 52. Rh2 a4 53. bxa4+ Kxa4 54. Rh4+ Ka5 55. Rb4 Qc2+ 56. Ka1 Qc3+ 57. Ka2 Qc1 58. Rb2 Qc4+ 59. Ka1 Qd3 60. Ka2 Qd5+ 61. Kb1 Ka4 62. Kc1 Kxa3 63. Rd2 Qe4 64. Rd3+ Kb4 65. Kd2 Kc4 66. Ra3 Qg2+ 67. Ke1 Qe4+ 68. Kd2 Qd4+ 69. Kc2 Qf2+ 70. Kd1 Qf8 71. Re3 Kd4 72. Rb3 Qf1+ 73. Kd2 Qc4 74. Rg3 Qa2+ 75. Kd1 Qe6 76. Ra3 Qe7 77. Rg3 Qe4 78. Rb3 Kc4 79. Rg3 Qf4 80. Ra3 Qd6+ 0-1

[Event "22nd Hogeschool Zeeland 2018"]
[Site "Vlissingen"]
[Date "2018.08.11"]
[Round "9"]
[White "Gonzales, Jayson"]
[Black "Shyaamnikhil, P."]
[Result "1/2-1/2"]
[ECO "A35"]
[WhiteElo "2383"]
[BlackElo "2389"]
[Annotator "NA"]
[PlyCount "210"]
[EventDate "2018.08.04"]
[EventType "swiss"]
[EventCountry "NED"]
[SourceTitle "playchess.com"]
[Source "ChessBase"]
[SourceQuality "1"]
[TimeControl "40/5400+30:1800+30"]

1. Nf3 c5 2. c4 g6 3. Nc3 Bg7 4. d4 cxd4 5. Nxd4 Nc6 6. Nb3 b6 7. e4 Ba6 8. Bf4 Nf6 9. Be2 O-O 10. Rc1 d6 11. O-O Rc8 12. Re1 Nd7 13. Be3 Nc5 14. f3 Bb7 15. Qd2 Ba8 16. Bf1 a6 17. Red1 $14 Qc7 18. Nd5 Qa7 19. Na1 e6 20. Nc3 Rfd8 21. Nc2 Qb8 22. Bg5 f6 23. Bh4 Ne5 24. Nd4 Re8 25. b3 Nf7 26. Qc2 Nd7 27. Kh1 Bh6 28. Rb1 Qc7 29. Bg3 Qa7 30. Qb2 Bf8 31. Rbc1 g5 32. Rc2 Nde5 33. Bf2 Qb8 34. Na4 Nd7 35. Rcd2 Bg7 36. Qb1 Bf8 37. Qb2 Bg7 38. Qb1 Bf8 39. Bg1 Kh8 40. Rc2 Nfe5 41. Qc1 Ng6 42. Qd2 Bb7 43. Qf2 Ba8 44. Qd2 Bb7 45. Be3 Ba8 46. Qf2 Qb7 47. Bc1 d5 48. cxd5 exd5 49. exd5 b5 50. Nc3 Bc5 51. Bb2 Bb6 52. Re2 Nf4 53. Rxe8+ Rxe8 54. Qc2 Qc8 55. Qb1 Re5 56. Nf5 Qc5 57. Nd4 Nxd5 58. Ne4 Qf8 59. Nc2 Re8 60. Nxg5 Qg7 61. Ne4 Ne5 62. Bd4 Bc7 63. Qc1 Qg6 64. Ne3 Nxe3 65. Bxe3 Bxe4 66. Qxc7 Nxf3 67. Rd8 Nh4 68. Rxe8+ Qxe8 69. Qf4 Nf5 70. Bf2 Qe5 71. Qd2 Qd5 72. Qc3 Qc6 73. Qa5 Kg7 74. Kg1 Qd6 75. Qc3 Qc6 76. Qh3 Qc2 77. g4 Ne7 78. Qe3 Kf7 79. h3 Qc6 80. Qd4 Qd5 81. Qc3 Qc6 82. Qe3 Ng6 83. Bg3 Ne7 84. Qf2 Nd5 85. Qa7+ Kg6 86. Qd4 Qb6 87. Qxb6 Nxb6 88. Bf2 Nd5 89. a4 Bc2 90. axb5 axb5 91. Bxb5 Bxb3 92. Bd3+ Kg7 93. Bg3 Nb4 94. Be2 Nc6 95. Kf2 Nd4 96. Bf1 Bd5 97. Ke3 Nc6 98. Be2 h6 99. Be1 Be6 100. Bc3 Kf7 101. Kf4 Ne7 102. Bd2 Ng6+ 103. Ke4 Kg7 104. Bc3 Kf7 105. Bd3 Ne7 1/2-1/2

[Event "22nd Hogeschool Zeeland 2018"]
[Site "Vlissingen"]
[Date "2018.08.11"]
[Round "9"]
[White "Ravi, Teja Sanka"]
[Black "Stillger, Bernhard"]
[Result "1/2-1/2"]
[ECO "D05"]
[WhiteElo "2374"]
[BlackElo "2271"]
[Annotator "NA"]
[PlyCount "95"]
[EventDate "2018.08.04"]
[EventType "swiss"]
[EventCountry "NED"]
[SourceTitle "playchess.com"]
[Source "ChessBase"]
[SourceQuality "1"]
[TimeControl "40/5400+30:1800+30"]

1. d4 Nf6 2. Nf3 e6 3. e3 c5 4. Bd3 d5 5. O-O c4 6. Be2 {[%emt 0:00:07] D05: Colle System with ...e6} b5 7. b3 Bb7 8. a4 (8. Nc3 b4 9. Na4 c3 10. Ne5 Bd6 11. a3 a5 12. Bb5+ Kf8 13. Nc5 Qb6 14. Nxb7 Qxb7 15. Qe2 g6 16. e4 Nxe4 17. Bh6+ Ke7 18. f3 Nd2 19. Rfe1 Kd8 20. Bf4 {1-0 (20) Kramnik,V (2808)-Giri,A (2771) Stavanger 2017 CBM 179 [Yermolinsky,A]}) 8... a6 9. c3 Nbd7 10. Qc2 $146 ({Predecessor:} 10. Ba3 Bxa3 11. Nxa3 Ne4 12. Qc2 Bc6 13. axb5 axb5 {½-½ (30) Gelashvili,T (2566)-Krush,I (2459) Las Vegas 2012}) 10... Bc6 11. Qd1 Be7 12. Ba3 O-O 13. Qc1 Ne4 14. Nbd2 Nd6 15. Qb2 Qc7 16. Bb4 Rfb8 17. axb5 axb5 18. Rxa8 Rxa8 $11 19. Ra1 f6 20. Rxa8+ Bxa8 21. Qa3 Bc6 22. Ne1 Bf8 23. Nc2 Kf7 24. h3 Qb8 25. Bh5+ g6 26. Bf3 Qc7 27. Qa6 Nb8 28. Qa3 Nd7 29. g3 Kg7 30. h4 Kf7 31. Be2 Qb8 32. Bf1 Qc7 33. Bg2 Kg7 34. Qa6 Nb8 35. Qa2 Nd7 36. Qa3 Kf7 37. Bh3 Qb8 38. Qa6 Qa8 39. Qa3 Qxa3 40. Nxa3 f5 41. Bg2 Ne4 42. Bxe4 fxe4 43. Bxf8 Kxf8 44. f3 exf3 45. b4 Kg8 46. Nxf3 {[%emt 0:08:12] Nf6Nb1 [%clk 0:00:00] Ne4Na3 [%clk 0:00:00]} Nf6 47. Nd2 Nd7 48. Nf3 {[%emt 0:00:30] Nf6Nb1 [%clk 0:00:00] Ne4Nbd2Nxg3*} 1/2-1/2

[Event "22nd Hogeschool Zeeland 2018"]
[Site "Vlissingen"]
[Date "2018.08.11"]
[Round "9"]
[White "Van der Lende, Ilias"]
[Black "Hesse, Henrik"]
[Result "1-0"]
[ECO "C42"]
[WhiteElo "2347"]
[BlackElo "2137"]
[Annotator "NA"]
[PlyCount "93"]
[EventDate "2018.08.04"]
[EventType "swiss"]
[EventCountry "NED"]
[SourceTitle "playchess.com"]
[Source "ChessBase"]
[SourceQuality "1"]
[TimeControl "40/5400+30:1800+30"]

1. e4 e5 2. Nf3 Nf6 3. Nxe5 d6 4. Nf3 Nxe4 5. d4 d5 6. Bd3 Nc6 7. O-O Be7 8. Re1 Bf5 9. Nc3 Nxc3 {[%emt 0:07:03] C42: Petroff Defence: 3 Nxe5 and unusual White 3rd moves} 10. bxc3 Bxd3 11. Qxd3 O-O 12. Rb1 (12. Re2 a6 13. Bf4 Qd7 14. Rae1 Rfe8 15. h4 h6 16. Qe3 b5 {½-½ (60) Nepomniachtchi,I (2757)-Giri,A (2782) Dortmund 2018}) 12... b6 13. c4 dxc4 14. Qe4 Bb4 {[%emt 0:11:36] [#]} 15. Qxc6 $146 ({Predecessor:} 15. Ng5 f5 16. Qxc6 Bxe1 17. Qe6+ {1-0 (39) Sjugirov,S (2629)-Rojas Alarcon,J (2291) Chennai 2011}) 15... Bxe1 16. Nxe1 Qxd4 17. Bb2 Qd6 18. Qxc4 Rfe8 19. Nf3 c5 20. h4 Qe6 21. Qc3 f6 22. a4 Rad8 23. a5 $11 Qe2 24. axb6 Rd1+ 25. Rxd1 Qxd1+ 26. Kh2 Qd6+ 27. g3 axb6 28. Bc1 Qd5 29. Kg2 Re5 30. Bf4 Rh5 31. Qe1 Kf7 32. g4 Rxh4 33. Kg3 g5 34. Nxh4 gxf4+ 35. Kxf4 Qg5+ 36. Kg3 h5 37. f3 hxg4 38. fxg4 Qd5 39. Nf5 Qd7 40. Qe3 Qc7+ 41. Qf4 Qa7 42. Qc4+ Kf8 43. Qe6 Qc7+ 44. Qd6+ Qxd6+ 45. Nxd6 Kg7 46. Kf4 Kg6 47. c4 1-0

[Event "22nd Hogeschool Zeeland 2018"]
[Site "Vlissingen"]
[Date "2018.08.11"]
[Round "9"]
[White "Mehar, Chinna Reddy CH"]
[Black "Muetsch, Annmarie"]
[Result "1/2-1/2"]
[ECO "E43"]
[WhiteElo "2345"]
[BlackElo "2239"]
[Annotator "NA"]
[PlyCount "66"]
[EventDate "2018.08.04"]
[EventType "swiss"]
[EventCountry "NED"]
[SourceTitle "playchess.com"]
[Source "ChessBase"]
[SourceQuality "1"]
[TimeControl "40/5400+30:1800+30"]

1. d4 Nf6 2. Nf3 e6 3. e3 b6 4. Bd3 Bb7 5. c4 Bb4+ 6. Nc3 Bxc3+ 7. bxc3 c5 8. O-O O-O 9. a4 {[%emt 0:02:15] E43: Nimzo-Indian: Rubinstein: 4...b6} (9. Nd2 Nc6 10. Re1 d6 11. f3 Rc8 12. Bb2 Ba6 13. Qe2 Qd7 14. e4 Na5 15. Rac1 e5 16. Nf1 Nh5 17. g3 {½-½ (53) Agdestein,S (2581)-Vitiugov,N (2734) Helsingor 2018}) 9... d6 10. a5 Nc6 $146 ({Predecessor:} 10... Nbd7 11. Nd2 Re8 12. f3 Qc7 13. Rf2 Nf8 14. Nf1 e5 15. dxe5 dxe5 16. e4 Rad8 {½-½ (16) Hellsten,J (2477)-Romanishin,O (2559) Korinthos 2002}) 11. a6 Bc8 12. e4 e5 13. d5 Na5 14. Bg5 h6 15. Bh4 Bxa6 16. Nd2 g5 17. Bg3 Bc8 18. h3 Kh8 19. Re1 Nh7 20. Nf1 f5 21. exf5 Bxf5 22. Bxf5 Rxf5 23. Ne3 Rf7 24. Qh5 Qf8 25. Ra4 Nf6 26. Qg6 {[%emt 0:00:07] [#]} Nd7 ({Better is} 26... Ng8 $1 $17) 27. h4 (27. Ng4 $15) 27... Rf6 28. Qc2 $17 Kg7 29. Ng4 Rf5 30. h5 Qf7 31. Ne3 Rf6 32. Ng4 Rf5 33. Ne3 Rf6 1/2-1/2

[Event "22nd Hogeschool Zeeland 2018"]
[Site "Vlissingen"]
[Date "2018.08.11"]
[Round "9"]
[White "De Jong, Migchiel"]
[Black "Van den Berg, Bram"]
[Result "1-0"]
[ECO "B01"]
[WhiteElo "2339"]
[BlackElo "2221"]
[Annotator "RC"]
[PlyCount "41"]
[EventDate "2018.08.04"]
[EventType "swiss"]
[EventCountry "NED"]
[SourceTitle "playchess.com"]
[Source "ChessBase"]
[SourceQuality "1"]
[TimeControl "40/5400+30:1800+30"]

1. e4 d5 2. exd5 Nf6 3. d4 Bg4 4. Be2 Bxe2 5. Qxe2 Qxd5 6. Nf3 e6 7. O-O Nc6 8. c3 Bd6 9. Re1 Qh5 10. Nbd2 g5 11. Qb5 O-O-O 12. Qxg5 Bxh2+ 13. Kf1 Bd6 14. Qxf6 Qh1+ 15. Ke2 Qxg2 16. Ne4 Be7 17. Qxf7 Rhf8 18. Rg1 Qh3 19. Rg3 Qh1 20. Qxe6+ Kb8 21. Qh3 1-0

[Event "22nd Hogeschool Zeeland 2018"]
[Site "Vlissingen"]
[Date "2018.08.11"]
[Round "9"]
[White "Rajesh, VAV"]
[Black "Van Delft, Merijn"]
[Result "1/2-1/2"]
[ECO "D12"]
[WhiteElo "2325"]
[BlackElo "2395"]
[Annotator "NA"]
[PlyCount "89"]
[EventDate "2018.08.04"]
[EventType "swiss"]
[EventCountry "NED"]
[SourceTitle "playchess.com"]
[Source "ChessBase"]
[SourceQuality "1"]
[TimeControl "40/5400+30:1800+30"]

1. d4 d5 2. c4 c6 3. Nf3 Nf6 4. e3 Bf5 5. Nc3 e6 6. Be2 h6 7. Bd3 {[%emt 0:00:36] D12: Slav Defence: 3 Nf3 Nf6 4 e3 Bf5} Bxd3 8. Qxd3 Be7 (8... Nbd7 9. O-O Bb4 10. Bd2 a5 11. a3 Bxc3 12. Bxc3 Ne4 13. Nd2 Nxd2 14. Bxd2 O-O {½-½ (53) L'Ami,E (2619)-Gupta,A (2629) Hoogeveen 2015}) 9. O-O O-O 10. b3 Nbd7 11. Bb2 Re8 $146 ({Predecessor:} 11... a5 12. Rfd1 Qc7 13. e4 dxe4 14. Nxe4 Nxe4 15. Qxe4 {½-½ (28) Offinger,R (2194)-Doeres,H (2207) Germany 2016}) 12. Rfe1 a6 13. e4 dxe4 14. Nxe4 Nxe4 15. Qxe4 Nf6 16. Qe2 Qa5 17. Ne5 Rad8 18. a3 Nd7 19. b4 Qc7 20. Ng4 Nf6 21. Ne5 Nd7 22. Ng4 Nf6 23. Ne3 a5 24. bxa5 Qxa5 25. Qc2 $15 Rd7 26. Bc3 Qa6 27. a4 Red8 28. h3 c5 29. d5 exd5 30. cxd5 Bf8 31. Bxf6 Qxf6 32. Rab1 h5 33. Rb5 g6 34. Reb1 Qe7 35. Rd1 Qg5 36. Qb3 Qe7 37. Qc2 Qg5 38. Qc4 Re8 39. Qb3 Bd6 40. a5 Rde7 41. Rxb7 Rxb7 42. Qxb7 Rxe3 43. fxe3 Qxe3+ 44. Kf1 Qf4+ 45. Kg1 1/2-1/2

[Event "22nd Hogeschool Zeeland 2018"]
[Site "Vlissingen"]
[Date "2018.08.11"]
[Round "9"]
[White "Bezemer, Arno J"]
[Black "Elgersma, Simon"]
[Result "0-1"]
[ECO "C07"]
[WhiteElo "2295"]
[BlackElo "2136"]
[Annotator "NA"]
[PlyCount "102"]
[EventDate "2018.08.04"]
[EventType "swiss"]
[EventCountry "NED"]
[SourceTitle "playchess.com"]
[Source "ChessBase"]
[SourceQuality "1"]
[TimeControl "40/5400+30:1800+30"]

1. e4 e6 2. d4 d5 3. Nd2 c5 4. Ngf3 cxd4 5. Nxd4 Nc6 6. Bb5 Bd7 7. Nxc6 bxc6 8. Bd3 Bd6 9. Qe2 e5 10. f4 exf4 11. exd5+ Ne7 12. Ne4 Be5 13. Ng5 Qc7 14. dxc6 Bxc6 15. Bc4 $11 Bd5 16. Bxd5 Qa5+ 17. Qd2 Qxd2+ 18. Bxd2 Nxd5 19. O-O-O f6 20. Rhe1 O-O 21. Nf3 Rfe8 22. c4 Rac8 23. b3 Kf7 24. Kc2 g5 25. Kd3 Nb6 26. Nxe5+ fxe5 27. Ke4 Ke6 28. Bc3 Nd7 29. Kf3 Rc7 30. Bxe5 Nxe5+ 31. Rxe5+ Kxe5 32. Re1+ Kf5 33. Rxe8 g4+ 34. Ke2 h5 35. Rf8+ Ke4 36. Re8+ Kf5 37. Kd3 Rd7+ 38. Kc2 f3 39. Rf8+ Ke4 40. gxf3+ gxf3 41. c5 Ke3 42. b4 f2 43. a4 Rd4 44. Rxf2 Kxf2 45. Kc3 Ke3 46. c6 Rd8 47. Kc4 Ke4 48. a5 Ke5 49. Kc5 Rd5+ 50. Kc4 Rd1 51. Kb5 Kd6 0-1

[Event "22nd Hogeschool Zeeland 2018"]
[Site "Vlissingen"]
[Date "2018.08.11"]
[Round "9"]
[White "De Boer, Eelke"]
[Black "De Boer, Bas"]
[Result "1-0"]
[ECO "B48"]
[WhiteElo "2292"]
[BlackElo "2129"]
[Annotator "NA"]
[PlyCount "51"]
[EventDate "2018.08.04"]
[EventType "swiss"]
[EventCountry "NED"]
[SourceTitle "playchess.com"]
[Source "ChessBase"]
[SourceQuality "1"]
[TimeControl "40/5400+30:1800+30"]

1. e4 c5 2. Nf3 e6 3. d4 cxd4 4. Nxd4 Nc6 5. Nc3 Qc7 6. Be3 a6 7. Qf3 Ne5 8. Qg3 b5 9. O-O-O Nf6 10. f4 Neg4 11. Bd2 Qa7 12. h3 b4 13. Nd5 Nxd5 14. hxg4 Qxd4 15. exd5 Qxd5 16. Bxb4 Qxa2 17. Bxf8 Kxf8 18. Qc3 Rb8 19. Bd3 Qa1+ 20. Kd2 Qxb2 21. Qc5+ d6 22. Qxd6+ Ke8 23. Rb1 Qxb1 24. Rxb1 Rxb1 25. Be4 Bd7 26. c4 1-0

[Event "22nd Hogeschool Zeeland 2018"]
[Site "Vlissingen"]
[Date "2018.08.11"]
[Round "9"]
[White "Vedder, Richard"]
[Black "Timmermans, Mark"]
[Result "0-1"]
[ECO "E29"]
[WhiteElo "2284"]
[BlackElo "2383"]
[Annotator "NA"]
[PlyCount "108"]
[EventDate "2018.08.04"]
[EventType "swiss"]
[EventCountry "NED"]
[SourceTitle "playchess.com"]
[Source "ChessBase"]
[SourceQuality "1"]
[TimeControl "40/5400+30:1800+30"]

1. d4 Nf6 2. c4 e6 3. Nc3 Bb4 4. a3 Bxc3+ 5. bxc3 d6 6. e3 O-O 7. Bd3 c5 8. Nf3 Nc6 9. O-O b6 10. d5 {[%emt 0:03:59] E29: Nimzo-Indian: Sämisch: 5...0-0 6 e3 c5 7 Bd3 Nc6} Ne7 11. e4 e5 12. Bg5 (12. Nh4 Ng6 13. Nf5 Nf4 14. Bxf4 exf4 15. Qf3 Bxf5 16. exf5 Re8 17. Qxf4 Qe7 {½-½ (33) Vachier Lagrave,M (2819)-Nakamura,H (2791) chess.com INT 2016}) 12... Ng6 13. Nh4 h6 $146 ({Predecessor:} 13... Re8 14. Nf5 h6 15. Bd2 Ne7 16. Nxe7+ Qxe7 17. a4 Bg4 18. Be2 Bxe2 19. Qxe2 a5 20. Rab1 Rab8 21. Rb5 Nd7 {½-½ (21) Polushkina,S (2070)-Heinrich,S Neumuenster 1999}) 14. Nxg6 fxg6 15. Bd2 Nh5 16. g3 Bh3 17. Re1 Qd7 18. Bf1 Rf7 19. Bg2 Raf8 20. Rf1 Nf6 21. Qc2 Nh5 22. Qd1 Bxg2 23. Kxg2 Rf3 24. a4 Qg4 25. Qc2 {[%emt 0:00:11] [#]} g5 $2 (25... Nxg3 $1 26. hxg3 (26. fxg3 Rxf1) 26... h5) 26. Rae1 {[%emt 0:05:05] [#]} Nf6 $19 27. h3 Qh5 28. Be3 g4 29. h4 Qg6 30. Bc1 Nh5 31. Be3 Nf6 32. Bc1 Nh5 33. Be3 Qf6 34. Qe2 Nf4+ 35. Bxf4 exf4 36. e5 dxe5 37. Qxe5 Qxe5 38. Rxe5 fxg3 39. Re3 Rxf2+ 40. Rxf2 gxf2 41. Kf1 h5 42. d6 Rd8 43. Rd3 Kf7 44. Kxf2 Ke6 45. Rd5 g6 46. Rg5 Rg8 47. Rd5 Kd7 48. a5 Rf8+ 49. Ke3 Rf6 50. axb6 axb6 51. Ke4 Rxd6 52. Rg5 Re6+ 53. Kd5 Rf6 54. Ke4 Ke7 0-1

[Event "22nd Hogeschool Zeeland 2018"]
[Site "Vlissingen"]
[Date "2018.08.11"]
[Round "9"]
[White "Frayna, Janelle Mae"]
[Black "Schoppen, Casper"]
[Result "0-1"]
[ECO "E09"]
[WhiteElo "2278"]
[BlackElo "2395"]
[Annotator "NA"]
[PlyCount "146"]
[EventDate "2018.08.04"]
[EventType "swiss"]
[EventCountry "NED"]
[SourceTitle "playchess.com"]
[Source "ChessBase"]
[SourceQuality "1"]
[TimeControl "40/5400+30:1800+30"]

1. d4 Nf6 2. c4 e6 3. g3 d5 4. Nf3 Be7 5. Bg2 O-O 6. O-O c6 7. Qc2 Nbd7 8. Nbd2 b6 9. e4 Bb7 10. e5 Ne8 11. cxd5 cxd5 12. Re1 Rc8 13. Qd3 {[%emt 0:01:45] E09: Closed Catalan: Main Line: 7 Qc2 c6 8 Nbd2} (13. Qd1 Qc7 14. Nb1 b5 15. Bf1 b4 16. Bd3 h6 17. Bf4 Qb6 18. Nbd2 Ba6 19. Bc2 f5 20. exf6 Rxf6 {1-0 (32) Gelfand,B (2729)-Stupak,K (2573) Tbilisi 2017}) 13... Qc7 14. Nf1 Qc2 15. Qxc2 Rxc2 16. Ne3 Rc8 17. Bd2 Nc7 18. Rac1 Nb8 $146 ({Predecessor:} 18... a5 19. a3 Nb5 20. Bf1 Na7 {½-½ (57) Markowski,T (2584)-Gordon,S (2490) Dresden 2007}) 19. Nc2 a5 20. Bg5 Bxg5 21. Nxg5 Ba6 22. f4 Nc6 23. Red1 Be2 24. Rd2 Bh5 {[%emt 0:00:32] [#]} 25. g4 (25. f5 $1 $16 ) 25... Bg6 26. Ne3 Ne7 27. Rf1 $11 f5 28. Nxe6 Nxe6 29. Nxd5 Nxd5 30. Bxd5 Kf7 31. Bb3 Rfd8 32. d5 Ke7 33. d6+ Kf7 34. Bc2 Rxc2 35. Rxc2 Nc5 36. Rc4 Ke6 37. b4 axb4 38. Rxb4 Nd7 39. h3 Rc8 40. a4 h5 41. g5 h4 42. Rf2 Rc3 43. Kg2 Bh5 44. Rd4 Rc1 45. Rf1 Rc2+ 46. Rf2 Rc3 47. Rdd2 Ra3 48. Rd4 Rc3 49. Rdd2 Nc5 50. Rc2 Ra3 51. Ra2 Bf3+ 52. Kh2 Re3 53. a5 bxa5 54. Rxa5 Nd7 55. Raa2 Be4 56. Rae2 Rc3 57. Re1 Nc5 58. Ref1 Bc6 59. Rd1 Nd7 60. Rdf1 Ra3 61. Rc1 Be4 62. Rd1 Nf8 63. Rfd2 Kd7 64. Re1 g6 65. Rc1 Ne6 66. Rf1 Ra4 67. Rc1 Ba8 68. Rb2 Rxf4 69. Ra2 Be4 70. Ra7+ Kd8 71. Re7 Nxg5 72. Rc2 Bxc2 73. e6 Rf2+ 0-1

[Event "22nd Hogeschool Zeeland 2018"]
[Site "Vlissingen"]
[Date "2018.08.11"]
[Round "9"]
[White "Ijzermans, Cees"]
[Black "Rijnaarts, Sjef"]
[Result "0-1"]
[ECO "D11"]
[WhiteElo "2142"]
[BlackElo "2339"]
[Annotator "NA"]
[PlyCount "90"]
[EventDate "2018.08.04"]
[EventType "swiss"]
[EventCountry "NED"]
[SourceTitle "playchess.com"]
[Source "ChessBase"]
[SourceQuality "1"]
[TimeControl "40/5400+30:1800+30"]

1. d4 d5 2. c4 c6 3. Nf3 Nf6 4. e3 Bg4 5. h3 Bh5 6. Nc3 e6 7. g4 Bg6 8. Ne5 {[%emt 0:00:06] D11: Damengambit (Slawische Verteidigung)} Nbd7 9. Nxg6 hxg6 10. Qb3 (10. g5 Ne4 11. Nxe4 dxe4 12. h4 Bb4+ 13. Bd2 Qa5 14. a3 Bxd2+ 15. Qxd2 Qxd2+ 16. Kxd2 {½-½ (35) Ding,L (2777)-Saric,I (2669) Riadh 2017}) 10... Qb6 11. Qc2 $146 ({Vorgänger:} 11. Bg2 g5 12. Bd2 Be7 13. O-O-O Qxb3 14. axb3 O-O-O {1-0 (49) Kuzubov,Y (2660)-Goganov,A (2576) Ankara 2018}) 11... dxc4 12. Bxc4 O-O-O 13. g5 Nd5 14. e4 Nb4 15. Qe2 Qxd4 16. Kf1 Nb6 17. Bb3 Qd3 18. Be3 Qxe2+ 19. Kxe2 Nd3 20. Rad1 $19 (20. Nd5 $17 {war nötig.}) 20... Nxb2 21. Rxd8+ Kxd8 22. Rb1 Bb4 23. Nb5 cxb5 24. Rxb2 Ba5 25. a4 Bc3 26. Rb1 b4 27. a5 Nc8 28. Rd1+ Kc7 29. Bf4+ e5 30. Be3 f6 31. Be6 Rd8 32. Rxd8 Kxd8 33. Kd3 fxg5 34. Bxg5+ Kc7 35. Be3 b6 36. Bxc8 Kxc8 37. axb6 a5 38. Kc4 Kb7 39. f4 exf4 40. Bxf4 Kxb6 41. Bd6 Kc6 42. Be7 Kd7 43. Bc5 Ke6 44. Bb6 a4 45. Bc7 Be5 {[%emt 0:00:24] Kd4 [%clk 0:00:00]} 0-1

[Event "22nd Hogeschool Zeeland 2018"]
[Site "Vlissingen"]
[Date "2018.08.11"]
[Round "9"]
[White "Bressy, Theo"]
[Black "Admiraal, Miguoel"]
[Result "0-1"]
[ECO "B80"]
[WhiteElo "2140"]
[BlackElo "2479"]
[Annotator "ChessBase"]
[PlyCount "120"]
[EventDate "2018.08.04"]
[EventType "swiss"]
[EventCountry "NED"]
[SourceTitle "playchess.com"]
[Source "ChessBase"]
[SourceQuality "1"]
[TimeControl "40/5400+30:1800+30"]

1. e4 c5 2. Nf3 e6 3. d4 cxd4 4. Nxd4 Nc6 5. Nc3 Qc7 6. g3 a6 7. Bg2 d6 8. O-O Bd7 9. Nce2 Nf6 10. b3 Be7 11. Bb2 O-O 12. c4 Rac8 13. h3 Nxd4 14. Nxd4 b5 15. cxb5 axb5 16. a3 Qb8 17. Qe2 Rc5 18. Rfd1 Rfc8 19. b4 Rc4 20. Nb3 Rc2 21. Rd2 Rxd2 22. Qxd2 Bc6 23. Qd3 e5 24. Nd2 h5 25. Nf1 h4 26. g4 Qb7 27. Re1 g6 28. Kh2 Nh7 29. Ne3 Ng5 30. Nd5 Ne6 31. Bc1 Kg7 32. Rd1 Bg5 33. Bxg5 Nxg5 34. f4 Ne6 35. f5 Bxd5 36. fxe6 Bxe6 37. Qxd6 Qc7 38. Kg1 Qxd6 39. Rxd6 Rc1+ 40. Kf2 Rc2+ 41. Kg1 Bc4 42. g5 Rc3 43. Ra6 Rg3 44. Kf2 Rxg5 45. Rc6 Rg3 46. a4 Rb3 47. axb5 Rb2+ 48. Kg1 Bxb5 49. Rc5 Rxb4 50. Rxe5 Bc6 51. Rg5 Bxe4 52. Rg4 f5 53. Rxh4 Rb1+ 54. Bf1 Bd3 55. Rf4 Kf6 56. Kg2 Bxf1+ 57. Rxf1 Rxf1 58. Kxf1 Ke5 59. Kg2 Kf4 60. Kf2 g5 0-1

[Event "22nd Hogeschool Zeeland 2018"]
[Site "Vlissingen"]
[Date "2018.08.11"]
[Round "9"]
[White "Boelhouwer, Collin"]
[Black "Ree, Hans"]
[Result "1/2-1/2"]
[ECO "B01"]
[WhiteElo "2128"]
[BlackElo "2303"]
[Annotator "NA"]
[PlyCount "81"]
[EventDate "2018.08.04"]
[EventType "swiss"]
[EventCountry "NED"]
[SourceTitle "playchess.com"]
[Source "ChessBase"]
[SourceQuality "1"]
[TimeControl "40/5400+30:1800+30"]

1. e4 d5 2. exd5 Nf6 3. d4 Bg4 4. Be2 Bxe2 5. Qxe2 Qxd5 6. Nf3 e6 7. O-O Nc6 8. Rd1 O-O-O 9. c4 {[%emt 0:04:28] B01: Scandinavian Defence} Qf5 (9... Qh5 10. Nc3 Bd6 11. c5 Be7 12. Be3 Nd5 13. Rab1 Bf6 14. Ne4 Qg6 15. Ng3 h5 16. h3 Nxe3 17. Qxe3 Nxd4 18. Ne4 Nxf3+ 19. Qxf3 {0-1 (27) McShane,L (2651)-Vlassov,N (2476) playchess.com INT 2004}) 10. Nc3 Rg8 11. Be3 Be7 12. a3 g5 13. b4 g4 $146 ({Predecessor:} 13... Ne4 14. Nxe4 Qxe4 15. Qd3 Qxd3 16. Rxd3 g4 17. Ne1 Bf6 {½-½ (30) Garcia Garcia,R (2260)-Piay Augusto,D (2289) Torrelavega 2002}) 14. Ne1 Ne4 15. Qc2 Nxc3 16. Qxc3 Bf6 17. b5 Ne7 18. a4 Qe4 19. a5 Nf5 20. Qc2 Qxc2 21. Nxc2 g3 22. Ra3 (22. hxg3 $11 Nxe3 23. fxe3) 22... gxh2+ 23. Kxh2 Rg4 $15 24. a6 b6 25. Rad3 Rdg8 26. g3 h5 27. Bf4 Be7 28. Ne3 Nxe3 29. Rxe3 Bd6 30. Bxd6 cxd6 31. c5 dxc5 32. dxc5 bxc5 33. Re5 R4g5 34. Rxg5 Rxg5 35. b6 axb6 36. Rd8+ Kxd8 37. a7 Rf5 38. a8=Q+ Kc7 39. f3 c4 40. Qa3 b5 41. f4 1/2-1/2